 Dungeon Crawl Stone Soup version 0.29-a0-648-g6b26cc9f40 (webtiles) character file.

Game seed: 11989637463162000883

341 DocClef the Fighter (level 6, -2/58 (61) HPs)
             Began as a Minotaur Gladiator on June 20, 2022.
             Slain by an orc wizard
             ... wielding a +0 dagger
              (3 damage)
             ... on level 5 of the Dungeon.
             The game lasted 00:04:26 (3523 turns).

DocClef the Fighter (Minotaur Gladiator)            Turns: 3523, Time: 00:04:27

HP:   -2/58 (61)    AC:  4    Str: 18 (20) XL:     6   Next: 30%
MP:   5/5           EV: 12    Int:  4 (5)  God:
Gold: 157           SH:  0    Dex: 12      Spells: 5/5 levels left

rFire   . . .      SeeInvis .   a - +0 war axe
rCold   . . .      Faith    .   (no shield)
rNeg    . . .      Spirit   .   q - +2 animal skin
rPois   .          Reflect  .   c - +0 hat
rElec   .          Harm     .   (no cloak)
rCorr   .          Rampage  .   (no gloves)
Will    .....                   (no boots)
Stlth   +.........              (no amulet)
HPRegen 0.19/turn               (no ring)
MPRegen 0.09/turn               (no ring)

@: lightly drained
A: horns 2, retaliatory headbutt
a: no special abilities


You were on level 5 of the Dungeon.
You visited 1 branch of the dungeon, and saw 5 of its levels.

You collected 157 gold pieces.

Inventory:

Hand Weapons
 a - a +0 war axe (weapon)
Missiles
 d - 3 throwing nets (quivered)
 e - a javelin
Armour
 b - a +0 leather armour
 c - a +0 hat (worn)
 q - a +2 animal skin (worn)
Jewellery
 v - a ring of see invisible
Scrolls
 g - a scroll of teleportation {unknown}
 j - a scroll of poison {unknown}
 l - 3 scrolls of identify {unknown}
 m - a scroll of magic mapping {unknown}
 n - a scroll of immolation {unknown}
 o - a scroll of noise {unknown}
 p - 2 scrolls of vulnerability {unknown}
 s - 2 scrolls of blinking {unknown}
 t - a scroll of amnesia {unknown}
Potions
 f - 3 potions of curing
 h - 2 potions of attraction
 i - a potion of heal wounds
 r - 2 potions of lignification
 u - a potion of magic {unknown}


   Skills:
 + Level 8.1 Fighting
 - Level 3.6 Axes
 - Level 2.0 Throwing
 - Level 3.2 Dodging


You had 5 spell levels left.
You didn't know any spells.
Your spell library contained the following spells:

 Spells                   Type           Power      Damage    Failure   Level
 Portal Projectile        Hex/Tloc       0%         N/A       86%         3
 Tukima's Dance           Hex            0%         N/A       86%         3
 Blade Hands              Tmut           0%         N/A       100%        5


Dungeon Overview and Level Annotations

Branches:
Dungeon (5/15)
 Temple: D:4-7

Altars:
Makhleb

Shops:
D:1 [   D:2 [

Annotations:
D:4 Pikel


Innate Abilities, Weirdness & Mutations

You have a pair of horns on your head.
You reflexively headbutt those who attack you in melee.


Message History

That felt strangely unrewarding.
You miss something. Something hits you but does no damage. Something hits you.
There is a stone staircase leading up here.
You completely miss something.
You hear some strange, mumbled words.
A puff of flame appears from out of thin air!
The puff of flame misses you.
You barely miss something. Something hits you.
Something hits you but does no damage.
You closely miss something. Something hits you.
You miss something. Your headbutt misses something.
Something hits you but does no damage.
You hit something. Something hits you.
* * * LOW HITPOINT WARNING * * *
Something hits you.
* * * LOW HITPOINT WARNING * * *
You miss something. Something hits you but does no damage.
You closely miss something. Something hits you.
* * * LOW HITPOINT WARNING * * *
You miss something. Something hits you.
* * * LOW HITPOINT WARNING * * *
Something hits you.
* * * LOW HITPOINT WARNING * * *
You miss something. Your headbutt misses something. Something hits you.
* * * LOW HITPOINT WARNING * * *
You slash something! Your headbutt misses something.
Something hits you but does no damage.
You miss something. Something hits you.
* * * LOW HITPOINT WARNING * * *
Something hits you.
* * * LOW HITPOINT WARNING * * *
You miss something. Something hits you.
* * * LOW HITPOINT WARNING * * *
You hit something but do no damage. Your headbutt misses something.
Something hits you but does no damage.
You miss something. Something hits you.
* * * LOW HITPOINT WARNING * * *
Something hits you.
You die...

.......... ##..
..#..>....##...
#..##......#..# #
............#.# ..
.....#.....<...#....>###
....<..............(...
...#..................
#.....#......####....#
...#........@##......#
............{)..# ...####
.......(...#)#####.......
.......))..#...o..#
#.#........######.†......
.............# ##.......
...........#.... .....[.
##.#..########## .......
#.##. .......


There were no monsters in sight!

Vanquished Creatures
  An orc warrior (D:4)
  2 lemures (D:5)
  A hound (D:5)
  Jessica (D:2)
  An iguana (D:5)
  2 orc wizards (D:5)
  Robin (D:2)
  An adder (D:2)
  2 dart slugs
  8 orcs
  9 endoplasms
  3 giant cockroaches
  10 hobgoblins
  2 jackals (D:2)
  3 quokkas
  8 ball pythons
  3 bats
  A frilled lizard (D:2)
  16 goblins
  5 kobolds
  9 rats
89 creatures vanquished.

Notes
Turn   | Place    | Note
-------+----------+-------------------------------------------
     0 | D:1      | DocClef the Minotaur Gladiator began the quest for the Orb.
     0 | D:1      | Reached XP level 1. HP: 18/18 MP: 0/0
   190 | D:1      | Reached skill level 3 in Fighting
   246 | D:1      | Found Mixtosio's Antique Armour Shop.
   287 | D:1      | Reached XP level 2. HP: 26/26 MP: 1/1
   874 | D:1      | Reached skill level 4 in Fighting
  1185 | D:2      | Reached XP level 3. HP: 32/34 MP: 2/2
  1206 | D:2      | Found Hokk's Antique Armour Emporium.
  1344 | D:2      | Found a burning altar of Makhleb.
  1404 | D:2      | Noticed Jessica
  1409 | D:2      | Reached skill level 5 in Fighting
  1409 | D:2      | Killed Jessica
  1410 | D:2      | Reached XP level 4. HP: 37/42 MP: 3/3
  1495 | D:2      | Noticed Robin
  1750 | D:2      | Killed Robin
  1866 | D:2      | Reached skill level 6 in Fighting
  2836 | D:4      | Noticed Pikel
  2836 | D:4      | Noticed a lemure
  2836 | D:4      | Noticed a lemure
  2836 | D:4      | Noticed a lemure
  2837 | D:4      | Noticed a lemure
  2853 | D:5      | Entered Level 5 of the Dungeon
  2856 | D:5      | Killed a lemure
  2860 | D:5      | Reached XP level 5. HP: 34/51 MP: 4/4
  2978 | D:5      | Reached skill level 7 in Fighting
  3256 | D:5      | Noticed an orc warrior
  3281 | D:4      | Killed an orc warrior
  3282 | D:4      | Reached skill level 8 in Fighting
  3282 | D:4      | Reached XP level 6. HP: 42/61 MP: 5/5
  3523 | D:5      | HP: 1/58 [something (4)]
  3523 | D:5      | Slain by an orc wizard

Illustrated notes

Levels and vault maps discovered:
D:1:      dpeg_arrival_castle, layout_basic, serial_shops, shop_fountains,
          minmay_fountain_box
D:2:      kennysheep_big_flooded_room, layout_basic, serial_shops, shop,
          basic_altar, uniq_robin, uniq_jessica
D:3:      layout_loops_cross, grunt_decor_one_mirror
D:4:      layout_basic, mainiacjoe_overflow_concentric_impassable, uniq_pikel
D:5:      layout_rooms, dreamdust_divine_triumvirate, minmay_lizard_king,
          uniq_ijyb, uniq_crazy_yiuf_cottage

Skill      XL: |  1  2  3  4  5 |
---------------+----------------+-----
Fighting       | 3 4 5 6 8 |  8.1
Axes           | |  3.6
Throwing       | |  2.0
Dodging        | |  3.2

Action                   |  1- 3 |  4- 6 || total
-------------------------+-------+-------++-------
Melee: War axe           |    61 |    96 ||   157
       Headbutt          |    11 |    12 ||    23
  Use: Potion            |       |     7 ||     7
Armor: Leather armour    |    18 |     9 ||    27
       Animal skin       |       |    31 ||    31
       Skin              |       |     4 ||     4
Dodge: Dodged            |    41 |    63 ||   104

Table legend: (Time is in decaauts)
 A = Elapsed time spent in this place.
 B = Non-inter-level travel time spent in this place.
 C = Inter-level travel time spent in this place.
 D = Time resting spent in this place.
 E = Time spent auto-exploring this place.
 F = Levels seen in this place.
 G = Mean time per level.
                   A        B        C        D        E       F      G
               +--------+--------+--------+--------+--------+-----+--------+
         Total |   3575 |   3527 |     48 |    652 |   2314 |   5 |  715.0 |
       Dungeon |   3575 |   3527 |     48 |    652 |   2314 |   5 |  715.0 |
               +--------+--------+--------+--------+--------+-----+--------+

Top non-repeatable levels by time:
     D:1: 1422 daAuts
     D:3: 761 daAuts
     D:2: 637 daAuts
     D:5: 449 daAuts
     D:4: 304 daAuts
